 Dungeon Crawl Stone Soup version 0.25-a0-566-g062765be81 (webtiles) character file.

Game seed: 12088373192065885610, levelgen mode: deterministic

214 Flugslaktarn the Chopper (level 5, -5/47 HPs)
             Began as a Minotaur Fighter on Feb 27, 2020.
             Slain by Prince Ribbit (6 damage)
             ... on level 5 of the Dungeon.
             The game lasted 00:00:49 (1279 turns).

Flugslaktarn the Chopper (Minotaur Fighter)         Turns: 1279, Time: 00:00:50

Health: -5/47      AC:  7    Str: 22    XL:     5   Next: 59%
Magic:  4/4        EV:  7    Int:  5    God:
Gold:   60         SH:  9    Dex:  9    Spells: 4/4 levels left

rFire    . . .     SeeInvis .   a - +0 war axe
rCold    . . .     Gourm    .   c - +0 kite shield
rNeg     . . .     Faith    .   b - +0 scale mail
rPois    .         Spirit   .   (helmet restricted)
rElec    .         Reflect  .   (no cloak)
rCorr    .         Harm     .   (no gloves)
MR       .....                  (no boots)
Stlth    ..........             (no amulet)
HPRegen  0.15/turn              (no ring)
MPRegen  0.09/turn              (no ring)

@: no status effects
A: retaliatory headbutt, horns 2
a: no special abilities


You were on level 5 of the Dungeon.
You were not hungry.

You visited 1 branch of the dungeon, and saw 5 of its levels.

You collected 60 gold pieces.

Inventory:

Hand Weapons
 a - a +0 war axe (weapon)
Armour
 b - a +0 scale mail (worn)
 c - a +0 kite shield (worn)
Wands
 f - a wand of enslavement (6)
   (You found it on level 4 of the Dungeon)
Scrolls
 g - a scroll of remove curse {unknown}
 h - a scroll of amnesia {unknown}
 k - 2 scrolls of magic mapping {unknown}
 l - 2 scrolls of identify {unknown}
 m - a scroll of enchant armour {unknown}
Potions
 d - a potion of might
 i - a potion of cancellation {unknown}
 j - 2 potions of haste {unknown}
Comestibles
 e - 4 rations
 n - 3 chunks of flesh


   Skills:
 + Level 4.6 Fighting
 * Level 4.9 Axes
 + Level 4.7 Armour
 + Level 4.7 Shields


You had 4 spell levels left.
You didn't know any spells.
Your spell library was empty.

Dungeon Overview and Level Annotations

Branches:
Dungeon (5/15)
 Temple: D:4-7

Altars:

Annotations:
D:5 Prince Ribbit


Innate Abilities, Weirdness & Mutations

You reflexively headbutt those who attack you in melee.
You have a pair of horns on your head.


Message History

You slash the jackal!
You kill the jackal!
You hit Prince Ribbit. You slash the jackal!
You kill the jackal!
Prince Ribbit hits you!
* * * LOW HITPOINT WARNING * * *
The crimson imp shouts, "Bolt, thou dissembling kobold-kissing wormtrail!"
The crimson imp blinks!
Prince Ribbit hits you!
* * * LOW HITPOINT WARNING * * *
You are too injured to fight recklessly!
You are too injured to fight recklessly!
You are too injured to fight recklessly!
You are too injured to fight recklessly!
You are too injured to fight recklessly!
You are too injured to fight recklessly!
Unknown command.
You hit Prince Ribbit.
Prince Ribbit is lightly wounded.
You slash the orc! Prince Ribbit hits you.
You die...

#. #.........
..#........
#.#....... ........
#.....§ #..oho
#..#F# #.#@# #5o.#
############## ##..#
#..[.........# #..#
#............#
##.###............#
#..##.........)..#
#..##............#
###..##.............
#....##...........÷#


You could see Prince Ribbit, a shadow imp, 3 orcs and a jackal.

Vanquished Creatures
  A hound (D:5)
  An orc wizard (D:5)
  Natasha (D:4)
  3 worker ants (D:4)
  An adder (D:5)
  A worm (D:4)
  2 dart slugs (D:1)
  A leopard gecko (D:2)
  3 orcs
  4 hobgoblins
  10 jackals
  2 quokkas
  A ball python (D:2)
  4 bats
  A frilled lizard (D:3)
  4 goblins
  3 kobolds
  3 rats
46 creatures vanquished.

Notes
Turn   | Place    | Note
-------+----------+-------------------------------------------
     0 | D:1      | Flugslaktarn the Minotaur Fighter began the quest for the
                  | Orb.
     0 | D:1      | Reached XP level 1. HP: 19/19 MP: 0/0
   127 | D:1      | Reached XP level 2. HP: 27/27 MP: 1/1
   487 | D:2      | Reached XP level 3. HP: 33/33 MP: 2/2
   608 | D:4      | Reached XP level 4. HP: 40/40 MP: 3/3
  1088 | D:4      | Noticed Natasha
  1092 | D:4      | Killed Natasha
  1092 | D:4      | Reached XP level 5. HP: 47/47 MP: 4/4
  1126 | D:5      | Entered Level 5 of the Dungeon
  1269 | D:5      | Noticed Prince Ribbit
  1278 | D:5      | HP: 1/47 [Prince Ribbit (12)]
  1279 | D:5      | Slain by Prince Ribbit

Levels and vault maps discovered:
D:1:      minmay_arrival_plants_in_alcoves, layout_basic
D:2:      layout_basic, first_ration
D:3:      kennysheep_six_static_rooms, layout_rooms,
          amethyst_overflow_temple_binary
D:4:      layout_rooms, serial_bayou_pond_b, uniq_natasha
D:5:      layout_basic, nicolae_gozag_seed_capital, guppyfry_shop_venom,
          uniq_prince_ribbit1

Skill      XL: |  1  2  3  4 |
---------------+-------------+-----
Axes           | 3 4 |  4.9
Shields        | 4 |  4.7
Armour         | 4 |  4.7
Fighting       | 4 |  4.6

Action                   |  1- 3 |  4- 6 || total
-------------------------+-------+-------++-------
Melee: War axe           |    83 |    35 ||   118
       Headbutt          |    13 |     5 ||    18
  Eat: Chunk             |       |     1 ||     1
Armor: Scale mail        |    44 |    16 ||    60
Dodge: Dodged            |    31 |    13 ||    44
Block: Kite shield       |    45 |    20 ||    65

Table legend:
 A = Non-vault XP
 B = Vault XP
 C = Vault XP percentage of total XP
 D = Non-vault monster count
 E = Vault monster count
 F = Vault count percentage of total count
                 A         B        C        D         E       F
            +---------+---------+-------+---------+---------+-------
      Total |     266 |      40 |  13.1 |      44 |       2 |   4.3
            +---------+---------+-------+---------+---------+-------
        D:1 |      27 |       0 |   0.0 |      14 |       0 |   0.0
        D:2 |      18 |       0 |   0.0 |      10 |       0 |   0.0
        D:3 |      17 |       0 |   0.0 |       9 |       0 |   0.0
        D:4 |     101 |      40 |  28.4 |       4 |       2 |  33.3
        D:5 |     103 |       0 |   0.0 |       7 |       0 |   0.0
            +---------+---------+-------+---------+---------+-------
